 Dungeon Crawl Stone Soup version 0.28.0-53-g5a82cb258f (webtiles) character file.

Game seed: 11198488916737245242

503612 Peloso the Minotaur Barricade (level 23, -8/238 HPs)
             Began as a Minotaur Fighter on July 3, 2022.
             Was the Champion of Okawaru.
             Killed from afar by a lich (55 damage)
             ... with a bolt of cold
             ... on level 3 of the Depths.
             The game lasted 03:05:25 (75335 turns).

Peloso the Minotaur Barricade (Minotaur Fighter)   Turns: 75335, Time: 03:05:25

Health: -8/238     AC: 39    Str: 38    XL:     23   Next: 80%
Magic:  35/35      EV: 21    Int: 10    God:    Okawaru [******]
Gold:   5357       SH: 25    Dex: 28    Spells: 22/22 levels left

rFire   + . .      SeeInvis .   y - +7 demon blade of Ravage {drain, *Corrode Dex+6}
rCold   . . .      Faith    +   c - +4 kite shield "Iboumput" {Rampage rPois Slay+5 Stlth+}
rNeg    + + .      Spirit   .   R - +9 plate armour of Okawaru's Approval {*Corrode Will++ Dex+5}
rPois   +          Reflect  .   I - +0 hat "Coginoch" {rF+ Str+3}
rElec   .          Harm     .   Y - +2 cloak {Stlth+}
rCorr   .          Rampage  +   (no gloves)
Will    ++++.                   s - +2 pair of boots {Fly}
Stlth   ++++......              Q - amulet of Qazlal's Reproof {Faith rPois Dex+4}
HPRegen 0.49/turn               W - ring of Xom's Best Wishes {rPois rN+ MP+9 Str+6 Stlth+}
MPRegen 0.24/turn               F - ring "Keijeex" {rPois rN+ Will+ Int+5}

@: heroic, flying, studying 3 skills
A: horns 2, retaliatory headbutt
}: 3/15 runes: decaying, serpentine, silver
a: Renounce Religion, Heroism, Finesse, Duel


You were on level 3 of the Depths.
You worshipped Okawaru.
Okawaru was exalted by your worship.
You visited 10 branches of the dungeon, and saw 46 of its levels.
You visited the Abyss 2 times.
You also visited: Sewer and Gauntlet.

You collected 6955 gold pieces.
You spent 1598 gold pieces at shops.

Inventory:

Hand Weapons
 a - the +7 long sword "Dragonslayer" {vorpal, Dex+4}
   (You found it on level 13 of the Dungeon)

   It inflicts extra damage upon your enemies.
   Dex:       It affects your dexterity (+4).
 b - a +4 scimitar of flaming
 y - the +7 demon blade of Ravage (weapon) {drain, *Corrode Dex+6}
   (You bought it in a shop on level 2 of the Orcish Mines)

   A truly terrible weapon, it drains the life of any living foe it strikes.
   Dex:       It affects your dexterity (+6).
   *Corrode:  It may corrode you when you take damage.
Armour
 c - the +4 kite shield "Iboumput" (worn) {Rampage rPois Slay+5 Stlth+}
   (Okawaru gifted it to you on level 4 of the Vaults)

   Slay:      It affects your accuracy & damage with ranged weapons and melee
   (+5).
   rPois:     It protects you from poison.
   Rampage:   It bestows one free step when moving towards enemies.
   Stlth:     It makes you more stealthy.
 s - a +2 pair of boots of flying (worn)
 I - the +0 hat "Coginoch" (worn) {rF+ Str+3}
   (Okawaru gifted it to you on level 3 of the Snake Pit)

   Str:       It affects your strength (+3).
   rF:        It protects you from fire.
 L - the +3 kite shield "Loinapre" {rCorr}
   (Okawaru gifted it to you on level 1 of the Depths)

   rCorr:     It protects you from acid and corrosion.
 R - the +9 plate armour of Okawaru's Approval (worn) {*Corrode Will++ Dex+5}
   (Okawaru gifted it to you on level 2 of the Vaults)

   Dex:       It affects your dexterity (+5).
   *Corrode:  It may corrode you when you take damage.
   Will:      It greatly increases your willpower.
 Y - a +2 cloak of stealth (worn)
Jewellery
 p - an amulet of reflection
 t - the ring "Qas Qae" {rN+ MP+9 Int+2}
   (You found it on level 3 of the Crypt)

   [ring of positive energy]

   Int:       It affects your intelligence (+2).
   rN:        It protects you from negative energy.
   MP:        It affects your magic capacity (+9).
 u - an amulet of regeneration
 v - the ring "Zeafusob" {rC+ Str+6}
   (You took it off a vault warden on level 5 of the Vaults)

   [ring of protection from cold]

   Str:       It affects your strength (+6).
   rC:        It protects you from cold.
 w - the ring of Zirerur {rElec rN+}
   (You found it on level 3 of the Crypt)

   [ring of positive energy]

   rElec:     It insulates you from electricity.
   rN:        It protects you from negative energy.
 x - the ring of the Swan {rC+ rN+ Will+}
   (You found it on level 3 of the Crypt)

   [ring of positive energy]

   rC:        It protects you from cold.
   rN:        It protects you from negative energy.
   Will:      It increases your willpower.
 C - the ring "Kiust" {rF++ rC+ rCorr Int-5}
   (You found it in a Gauntlet)

   [ring of protection from cold]

   Int:       It affects your intelligence (-5).
   rF:        It greatly protects you from fire.
   rC:        It protects you from cold.
   rCorr:     It protects you from acid and corrosion.
 F - the ring "Keijeex" (right hand) {rPois rN+ Will+ Int+5}
   (You found it on level 10 of the Dungeon)

   [ring of poison resistance]

   Int:       It affects your intelligence (+5).
   rPois:     It protects you from poison.
   rN:        It protects you from negative energy.
   Will:      It increases your willpower.
 G - a +4 ring of evasion
 M - the ring of the Gloaming {rElec Str+6 SInv}
   (You bought it in a shop on level 2 of the Elven Halls)

   [ring of see invisible]

   Str:       It affects your strength (+6).
   rElec:     It insulates you from electricity.
   SInv:      It lets you see invisible.
 N - the ring "Xyetzoit" {rF- rN+ MP+9 Str+2}
   (You found it on level 2 of the Vaults)

   [ring of magical power]

   Str:       It affects your strength (+2).
   rF:        It makes you vulnerable to fire.
   rN:        It protects you from negative energy.
   MP:        It affects your magic capacity (+9).
 O - the ring of Trepidation {Wiz MP+9}
   (You found it on level 1 of the Depths)

   [ring of wizardry]

   It improves your spell success rate.
   MP:        It affects your magic capacity (+9).
 Q - the amulet of Qazlal's Reproof (around neck) {Faith rPois Dex+4}
   (You found it in a Gauntlet)

   [amulet of faith]

   It allows you to gain divine favour quickly.
   Dex:       It affects your dexterity (+4).
   rPois:     It protects you from poison.
 U - the ring "Patuir Fifu" {rC+ Dex+4}
   (You found it on level 2 of the Depths)

   [ring of protection from cold]

   Dex:       It affects your dexterity (+4).
   rC:        It protects you from cold.
 V - the amulet of Zutan {+Inv rN+++ Regen+ Str-5 SInv}
   (You found it on level 2 of the Depths)

   [amulet of regeneration]

   Str:       It affects your strength (-5).
   rN:        It renders you almost immune to negative energy.
   SInv:      It lets you see invisible.
   +Inv:      It lets you turn invisible.
   Regen:     It increases your rate of health regeneration.
 W - the ring of Xom's Best Wishes (left hand) {rPois rN+ MP+9 Str+6 Stlth+}
   (You took it off a deep elf zephyrmancer on level 3 of the Elven Halls)

   [ring of strength]

   Str:       It affects your strength (+6).
   rPois:     It protects you from poison.
   rN:        It protects you from negative energy.
   MP:        It affects your magic capacity (+9).
   Stlth:     It makes you more stealthy.
Scrolls
 e - a scroll of brand weapon
 g - a scroll of enchant weapon
 h - 8 scrolls of noise
 j - 2 scrolls of silence
 m - 7 scrolls of fear
 o - 11 scrolls of teleportation
 q - a scroll of acquirement
 r - 2 scrolls of blinking
 D - 7 scrolls of immolation
 K - a scroll of fog
 P - 2 scrolls of magic mapping
 S - 29 scrolls of identify
 T - a scroll of enchant armour
Potions
 d - 8 potions of might
 f - 2 potions of cancellation
 i - 5 potions of mutation
 k - 7 potions of haste
 l - a potion of ambrosia
 n - 8 potions of curing
 z - a potion of heal wounds
 A - 7 potions of berserk rage
 E - a potion of invisibility
 H - 6 potions of resistance
 J - 3 potions of brilliance
Miscellaneous
 B - a phantom mirror


   Skills:
 + Level 26.7(27) Fighting
 + Level 2.9(21.9) Short Blades
 O Level 27 Long Blades
 + Level 21.7(26.7) Armour
 + Level 7.6(12.6) Dodging
 + Level 4.6(9.6) Stealth
 O Level 27 Shields
 + Level 5.5 Invocations
 + Level 0.4 Evocations


You had 22 spell levels left.
You didn't know any spells.
Your spell library contained the following spells:

 Spells                   Type           Power      Damage    Failure   Level
 Apportation              Tloc           0%         N/A       65%         1
 Beastly Appendage        Tmut           0%         N/A       65%         1
 Foxfire                  Conj/Fire      0%         2x1d4     65%         1
 Pain                     Necr           0%         1d4       65%         1
 Blink                    Tloc           0%         N/A       78%         2
 Corpse Rot               Necr/Air       0%         N/A       78%         2
 Ensorcelled Hibernation  Hex/Ice        0%         N/A       78%         2
 Passwall                 Tmut/Erth      0%         N/A       78%         2
 Poisonous Vapours        Pois/Air       0%         N/A       78%         2
 Searing Ray              Conj           0%         2d4       78%         2
 Static Discharge         Conj/Air       0%         N/A       78%         2
 Wereblood                Tmut           0%         N/A       78%         2
 Conjure Flame            Conj/Fire      0%         6-21      95%         3
 Dazzling Flash           Conj/Hex       0%         N/A       95%         3
 Frozen Ramparts          Ice            0%         1d2       95%         3
 Gell's Gravitas          Tloc           0%         N/A       95%         3
 Ignite Poison            Fire/Tmut/Pois 0%         N/A       95%         3
 Lesser Beckoning         Tloc           0%         N/A       95%         3
 Ozocubu's Armour         Ice            0%         N/A       95%         3
 Portal Projectile        Hex/Tloc       0%         N/A       95%         3
 Spider Form              Tmut/Pois      0%         N/A       95%         3
 Stone Arrow              Conj/Erth      0%         3d7       95%         3
 Swiftness                Air            0%         N/A       95%         3
 Teleport Other           Tloc           0%         N/A       95%         3
 Anguish                  Hex/Necr       0%         N/A       100%        4
 Cause Fear               Hex            0%         N/A       100%        4
 Dispel Undead            Necr           0%         3d6       100%        4
 Flame Wave               Conj/Fire      0%         2d4       100%        4
 Fulminant Prism          Conj/Hex       0%         3d6       100%        4
 Hailstorm                Conj/Ice       0%         3d3       100%        4
 Ice Form                 Ice/Tmut       0%         N/A       100%        4
 Iskenderun's Mystic Bla  Conj/Tloc      0%         2d3       100%        4
 Leda's Liquefaction      Hex/Erth       0%         N/A       100%        4
 Olgreb's Toxic Radiance  Pois           0%         N/A       100%        4
 Petrify                  Tmut/Erth      0%         N/A       100%        4
 Sticky Flame             Conj/Fire      0%         2d3       100%        4
 Agony                    Necr           0%         N/A       100%        5
 Blade Hands              Tmut           0%         N/A       100%        5
 Borgnjor's Vile Clutch   Necr/Erth      0%         N/A       100%        5
 Excruciating Wounds      Necr           0%         N/A       100%        5
 Fireball                 Conj/Fire      0%         3d3       100%        5
 Freezing Cloud           Conj/Ice/Air   0%         6-21      100%        5
 Irradiate                Conj/Tmut      0%         3d14      100%        5
 Iskenderun's Battlesphe  Conj           0%         2d6       100%        5
 Lee's Rapid Deconstruct  Erth           0%         3d5*      100%        5
 Lightning Bolt           Conj/Air       0%         1d11      100%        5
 Manifold Assault         Tloc           0%         N/A       100%        5
 Metabolic Englaciation   Hex/Ice        0%         N/A       100%        5
 Conjure Ball Lightning   Conj/Air       0%         3x3d6     100%        6
 Eringya's Noxious Bog    Tmut/Pois      0%         N/A       100%        6
 Iron Shot                Conj/Erth      0%         9d1       100%        6
 Starburst                Conj/Fire      0%         6d3       100%        6
 Statue Form              Tmut/Erth      0%         N/A       100%        6
 Enfeeble                 Hex            0%         N/A       100%        7
 Orb of Destruction       Conj           0%         9d5       100%        7
 Ozocubu's Refrigeration  Ice            0%         4d5       100%        7
 Storm Form               Tmut/Air       0%         N/A       100%        7
 Discord                  Hex            0%         N/A       100%        8
 Disjunction              Tloc           0%         N/A       100%        8
 Ignition                 Fire           0%         3d3       100%        8
 Maxwell's Capacitive Co  Air            0%         ∞         100%        8
 Polar Vortex             Ice            0%         N/A       100%        9
 Animate Skeleton         Necr           Unusable   N/A       N/A         1
 Summon Small Mammal      Summ           Unusable   N/A       N/A         1
 Call Imp                 Summ           Unusable   N/A       N/A         2
 Call Canine Familiar     Summ           Unusable   N/A       N/A         3
 Summon Guardian Golem    Hex/Summ       Unusable   N/A       N/A         3
 Tukima's Dance           Hex            Unusable   N/A       N/A         3
 Animate Armour           Summ/Erth      Unusable   N/A       N/A         4
 Summon Ice Beast         Ice/Summ       Unusable   N/A       N/A         4
 Death Channel            Necr           Unusable   N/A       N/A         6
 Simulacrum               Ice/Necr       Unusable   N/A       N/A         6
 Haunt                    Necr/Summ      Unusable   N/A       N/A         7
 Malign Gateway           Summ/Tloc      Unusable   N/A       N/A         7
 Spellforged Servitor     Conj/Summ      Unusable   N/A       N/A         7
 Summon Hydra             Summ           Unusable   N/A       N/A         7

Dungeon Overview and Level Annotations

Branches:
Dungeon (15/15)            Temple (1/1) D:7            Lair (6/6) D:9
  Swamp (4/4) Lair:4        Snake (4/4) Lair:2        Slime (0/5) Lair:6
    Orc (2/2) D:10            Elf (3/3) Orc:2        Vaults (5/5) D:13
  Crypt (3/3) Vaults:2       Tomb (0/3) Crypt:3      Depths (3/4) D:15
  Sewer (visited)         Gauntlet (visited)

Altars:
Ashenzari
Cheibriados
Dithmenos
Elyvilon
Fedhas
Gozag
Hepliaklqana
Kikubaaqudgha
Makhleb
Nemelex Xobeh
Okawaru
Qazlal
Ru
Sif Muna
Trog
Uskayaw
Vehumet
Wu Jian
Xom
Yredelemnul
Zin
The Shining One
Beogh
Jiyva
Lugonu

Shops:
D:4 *   Orc:2 :*([   Elf:1 [   Elf:2 =!:   Snake:1 ?   Snake:3 ?   Vaults:1 (
Vaults:2 [   Vaults:3 [*   Vaults:5 ?

Portals:
Hell: Depths:1 Depths:2
Abyss: Lair:6
Pandemonium: Depths:1 Depths:2
Ziggurat: Depths:1

Annotations:
Lair:4 Odimp's ghost, journeyman KoWn
Swamp:1 1 runed translucent door, Peloso's ghost, adept MiFi
Elf:2 3 runed translucent doors
Vaults:3 2 transporters, Fatujek's ghost, veteran MiFi


Innate Abilities, Weirdness & Mutations

You have a pair of horns on your head.
You reflexively headbutt those who attack you in melee.


Message History

You slash the jiangshi! You headbutt the jiangshi.
You destroy the jiangshi!
Okawaru accepts your kill.
The lich mumbles some strange words.
The lich flickers and vanishes!
You slash the titan skeleton!
The titan skeleton is lightly damaged.
You block something's attack. Something bites you but does no damage.
You block the vampire knight's attack.
Unknown command.
You fracture the titan skeleton into splinters!!!
The titan skeleton is moderately damaged.
You hear a hideous shriek!
You hear some strange, mumbled words.
A bolt of cold appears from out of thin air!
The bolt of cold hits something!!
The bolt of cold hits you! You block the titan skeleton's attack.
The vampire knight hits you but does no damage.
Something hits you!! Something closely misses you.
You slice the titan skeleton!!
The titan skeleton is heavily damaged.
You hear some strange, mumbled words.
A bolt of cold appears from out of thin air!
The bolt of cold hits something!
The bolt of cold hits you!!
* * * LOW HITPOINT WARNING * * *
Unknown command.
You slice the titan skeleton!! You headbutt the titan skeleton.
The titan skeleton is severely damaged.
Something hits you but does no damage. You block something's attack.
The vampire knight hits you from afar with a +1 bardiche of venom!
* * * LOW HITPOINT WARNING * * *
A storm dragon skeleton comes into view.
The titan skeleton misses you. You furiously retaliate!
You headbutt the titan skeleton! You slash the titan skeleton!
You headbutt the titan skeleton!
The titan skeleton is almost destroyed.
A quicksilver dragon zombie comes into view.
You hear some strange, mumbled words.
A bolt of cold appears from out of thin air!
The bolt of cold hits something!
The bolt of cold hits you!!!
You die...

#+## ..... ######
...... #..ZZ
...... #..{
....<. #V.#
......###Z{#
........#@.#
.......[#..#
.......).V.#
........##.#####
(.......##.....#
######+#######'##
#...# #.<.# #...#


You could see a vampire knight, a jiangshi, a quicksilver dragon zombie, a storm
dragon skeleton and a titan skeleton.

Vanquished Creatures
  A dread lich (Vaults:5)
  2 ancient liches
  Mara (Swamp:3)
  A juggernaut (Depths:2)
  Boris (Depths:3)
  Bai Suzhen (Vaults:5)
  Saint Roka (Orc:2)
  the Lernaean hydra (Swamp:4)
  A golden dragon (Vaults:5)
  Nikola (Elf:2)
  A bone dragon (Abyss:1)
  Rupert (D:12)
  Jorgrun (D:12)
  5 tentacled monstrosities
  9 liches
  A shard shrike skeleton (Crypt:3)
  2 titans
  A walking frostbound tome (Depths:2)
  Asterion (Elf:3)
  An acid blob (Depths:2)
  2 deep elf blademasters (Elf:3)
  Gastronok (D:12)
  2 ancient champions
  7 sphinxes
  2 deep elf master archers (Elf:3)
  A quicksilver dragon (Vaults:4)
  4 shadow dragons (Vaults:5)
  3 fenstrider witches
  A fenstrider witch (shapeshifter) (Vaults:5)
  9 tengu reavers
  5 rockslimes (Depths:2)
  3 azure jellies (Depths:2)
  A revenant (Crypt:3)
  4 nagarajas
  7 deep elf sorcerers
  A frost giant (shapeshifter) (Lair:6)
  3 fire giants
  2 frost giants (Depths:2)
  An iron dragon (Vaults:5)
  A caustic shrike zombie (Crypt:1)
  21 vault wardens
  A curse skull (Crypt:3)
  A juggernaut zombie (Depths:3)
  An orc warlord (Orc:1)
  A cacodemon (Depths:1)
  3 deep elf elementalists (Elf:3)
  6 ghouls
  7 stone giants
  A reaper (Abyss:1)
  5 ironbound thunderhulks
  6 war gargoyles
  7 very ugly things
  A caustic shrike skeleton (Crypt:2)
  A juggernaut skeleton (Depths:3)
  16 ironbound preservers
  2 vampire knights
  2 deep elf demonologists (Elf:3)
  6 deep elf annihilators
  10 dire elephants
  6 eleionomae
  An entropy weaver (Vaults:1)
  A spark wasp (Depths:2)
  The ghost of DildoBatman the Protected, a journeyman FoCj of Kikubaaqudgha (D:12)
  4 bunyips
  2 minotaurs
  4 eidola
  Josephine (Orc:2)
  12 ettins
  3 fire dragons
  5 deep elf death magi
  A merfolk javelineer (Depths:2)
  15 jiangshi
  16 yaktaur captains
  9 deep elf high priests
  3 great orbs of eyes
  Harold (D:7)
  36 vault guards
  3 ice dragons
  3 rakshasas
  6 salamander tyrants (Snake:4)
  29 hydras
  8 naga warriors
  Fannar (D:11)
  2 spriggan air magi
  4 ghost crabs
  6 ironbound frosthearts
  6 boulder beetles
  7 ogre magi
  2 spriggan skeletons
  9 anacondas
  13 centaur warriors
  Erica (D:10)
  An anaconda (shapeshifter) (Elf:2)
  6 alligators
  3 death knights
  11 dancing weapons
  A tengu warrior (Depths:1)
  15 two-headed ogres
  2 deep troll shamans
  3 orc high priests
  7 vampire magi
  A spriggan berserker (Depths:2)
  A death scarab (Crypt:2)
  3 deep troll earth magi (Depths:2)
  Urug (D:12)
  6 shock serpents
  2 thrashing horrors (Lair:6)
  A titan zombie (Crypt:2)
  2 naga sharpshooters
  23 deep elf knights
  A sun demon (Depths:1)
  A titan skeleton (Vaults:2)
  3 iron trolls
  A soul eater (Depths:2)
  A wretched star (Abyss:2)
  3 salamander mystics (Snake:4)
  A sixfirhy (Depths:1)
  32 skeletal warriors
  A shadow wraith (Crypt:3)
  A golden dragon zombie (Depths:2)
  A bunyip zombie (Crypt:2)
  13 flayed ghosts
  A deep troll (shapeshifter) (D:10)
  A shadow demon (Depths:2)
  43 deep trolls
  3 sea snakes (Snake:2)
  8 goliath frogs
  4 spriggan druids
  10 swamp dragons
  3 glowing orange brains
  A spark wasp zombie (Depths:2)
  11 naga ritualists
  7 bog bodies
  19 deep elf archers
  3 lindwurms
  19 ironbound convokers
  13 wizards
  A shadow dragon zombie (Abyss:1)
  30 deep elf pyromancers
  15 phantasmal warriors
  2 bunyip skeletons (Crypt:3)
  An oklob plant (Swamp:2)
  22 deep elf zephyrmancers
  4 necromancers
  5 orc sorcerers
  4 harpies
  6 orc knights
  50 ugly things
  A wolf spider (Vaults:5)
  A faun (shapeshifter) (Elf:2)
  9 cyclopes
  4 manticores
  An iron dragon zombie (Crypt:1)
  A tengu skeleton (Depths:3)
  An anaconda skeleton (Crypt:3)
  A manticore (shapeshifter) (D:13)
  2 sphinx skeletons
  13 mana vipers
  7 will-o-the-wisps
  An iron dragon skeleton (Depths:2)
  A shadow dragon skeleton (Depths:2)
  5 elephants (Lair:2)
  11 salamanders
  A worldbinder (Abyss:1)
  10 fire giant skeletons
  36 black mambas
  7 centaur zombies
  A frost giant skeleton (Vaults:2)
  A rust devil (Depths:2)
  Maurice (Orc:2)
  20 vault sentinels
  6 guardian serpents
  A guardian serpent (shapeshifter) (Vaults:5)
  Joseph (D:9)
  13 naga magi
  A dire elephant skeleton (Crypt:1)
  7 gargoyles
  22 cane toads
  4 smoke demons (Lair:6)
  A minotaur zombie (Gauntlet)
  3 kobold demonologists (D:12)
  2 yaktaurs (shapeshifter)
  2 centaur skeletons
  6 large abominations
  5 unseen horrors
  An unseen horror (shapeshifter) (Vaults:5)
  A sea snake zombie (Crypt:1)
  4 rime drakes
  2 efreet
  31 yaktaurs
  3 tengu conjurers (D:12)
  A komodo dragon (shapeshifter) (Elf:2)
  2 elf skeletons (Vaults:2)
  A grey draconian skeleton (Crypt:2)
  2 freezing wraiths
  14 komodo dragons
  A queen bee (shapeshifter) (Elf:2)
  An anaconda simulacrum (Crypt:2)
  A guardian mummy (Crypt:3)
  An ice devil (Depths:2)
  An ancient zyme (Lair:6)
  A hellwing (Depths:2)
  8 trolls
  A harpy zombie (Crypt:2)
  A yellow draconian skeleton (Crypt:2)
  2 yaktaur skeletons
  A polar bear (shapeshifter) (Vaults:2)
  A wind drake (shapeshifter) (D:15)
  3 polar bears
  3 meliai (shapeshifter)
  7 hornets
  A guardian serpent zombie (Crypt:1)
  A shadow dragon simulacrum (Crypt:1)
  6 tyrant leeches
  2 harpy skeletons
  29 slime creatures
  3 raiju (Abyss:1)
  2 ettin zombies (Crypt:2)
  19 blink frogs
  2 flying skulls (Depths:3)
  An air elemental (Elf:1)
  7 fire dragon skeletons (Crypt:3)
  12 shadows
  15 wraiths
  A centaur simulacrum (D:14)
  A culicivora (shapeshifter) (Elf:2)
  10 spriggans
  6 water elementals
  5 wyverns
  2 ettin skeletons
  6 ynoxinuls
  4 fire elementals
  20 yaks
  9 basilisks
  A hog (shapeshifter) (Elf:1)
  A redback (Vaults:1)
  3 chaos spawn
  Grum (D:9)
  17 vampire mosquitoes
  A wind drake skeleton (Crypt:2)
  An ushabti (Crypt:3)
  2 steam dragons
  3 neqoxecs
  4 wargs
  A naga (shapeshifter) (D:14)
  20 swamp worms
  31 nagas
  A swamp worm (shapeshifter) (Elf:2)
  An acid dragon (D:10)
  14 water moccasins
  A demonspawn zombie (Crypt:1)
  A naga skeleton (Crypt:3)
  11 swamp drakes
  14 small abominations
  33 orc warriors
  Duvessa (D:7)
  3 ice beasts
  4 black bears
  A blink frog zombie (Crypt:1)
  A manticore zombie (Crypt:2)
  7 wolves
  A wolf (shapeshifter) (Vaults:5)
  2 necrophages
  A blink frog skeleton (Crypt:1)
  13 centaurs
  6 boggarts
  10 ogres
  A phantom (D:10)
  Blork the orc (D:6)
  12 bullfrogs
  6 kobold brigands
  An elf zombie (Crypt:2)
  3 human skeletons (Vaults:2)
  3 scorpions (D:5)
  3 gnoll sergeants
  A water moccasin zombie (D:5)
  3 earth elementals
  A warg zombie (Crypt:1)
  Dowan (D:7)
  4 troll zombies (D:10)
  A water moccasin skeleton (D:5)
  A troll skeleton (Crypt:1)
  3 electric eels
  10 wights
  5 howler monkeys
  2 quasits
  4 jellies
  An iron imp (Abyss:2)
  16 orc priests
  A hound (D:4)
  A bullfrog skeleton (D:3)
  31 orc wizards
  2 iguanas
  13 hell rats
  2 ogre zombies (D:10)
  A hound zombie (Crypt:1)
  2 hound skeletons (D:4)
  A howler monkey zombie (D:6)
  9 mummies (Crypt:3)
  12 gnolls
  4 adders
  A river rat (Sewer)
  2 shadow imps
  2 white imps
  5 ufetubi
  3 dart slugs
  A worm (D:3)
  58 orcs
  9 endoplasms
  7 giant cockroaches
  6 hobgoblins
  10 jackals
  21 kobolds
  5 quokkas
  11 ball pythons
  7 bats
  A dart slug zombie (Crypt:1)
  6 frilled lizards
  7 goblins
  2 goblin skeletons (D:10)
  A goblin zombie (D:10)
  A hobgoblin skeleton (D:10)
  A hobgoblin zombie (Crypt:2)
  3 orc skeletons (D:10)
  12 orc zombies (D:10)
  8 rats
1880 creatures vanquished.

Vanquished Creatures (others)
  2 deep elf knights
  A deep elf archer (Elf:2)
  A naga mage (Snake:3)
  A bloated husk (Swamp:4)
  A large abomination (Abyss:1)
  An orc wizard (Orc:1)
  An orc (Elf:3)
  4 demonic plants (Gauntlet)
  30 foxfires
  47 fungi
  A lurking horror (Abyss:1)
  69 plants
159 creatures vanquished.

Grand Total: 2039 creatures vanquished

Notes
Turn   | Place    | Note
-------+----------+-------------------------------------------
     0 | D:1      | Peloso the Minotaur Fighter began the quest for the Orb.
     0 | D:1      | Reached XP level 1. HP: 19/19 MP: 0/0
   193 | D:1      | Reached XP level 2. HP: 25/27 MP: 1/1
   232 | D:1      | Found a faded altar of an unknown god.
   478 | D:1      | Reached XP level 3. HP: 30/33 MP: 2/2
  1149 | D:3      | Reached XP level 4. HP: 29/40 MP: 3/3
  1990 | D:4      | Reached XP level 5. HP: 18/46 MP: 4/4
  2058 | D:4      | Found a glowing drain.
  2151 | Sewer    | Entered a sewer
  2273 | Sewer    | Reached skill level 5 in Armour
  2283 | Sewer    | Reached skill level 1 in Dodging
  2283 | Sewer    | Reached XP level 6. HP: 19/53 MP: 5/5
  2291 | Sewer    | Reached skill level 5 in Long Blades
  2499 | Sewer    | Found a white marble altar of Elyvilon.
  2786 | D:4      | Found Zurph's Gadget Gallery.
  3350 | D:4      | Found a shadowy altar of Dithmenos.
  3413 | D:5      | Entered Level 5 of the Dungeon
  3576 | D:5      | Reached skill level 5 in Fighting
  3576 | D:5      | Reached skill level 5 in Shields
  3576 | D:5      | Reached XP level 7. HP: 46/61 MP: 6/6
  4179 | D:5      | Reached XP level 8. HP: 69/69 MP: 7/7
  4933 | D:6      | Noticed Blork the orc
  4951 | D:6      | Killed Blork the orc
  5049 | D:6      | Found the +6 shillelagh "Devastator" {shatter}
  5054 | D:6      | Found a snail-covered altar of Cheibriados.
  5054 | D:6      | Found a glowing golden altar of the Shining One.
  5189 | D:6      | Reached XP level 9. HP: 68/78 MP: 8/8
  5383 | D:7      | Noticed Harold
  5409 | D:7      | Killed Harold
  5410 | D:7      | Reached skill level 10 in Long Blades
  5569 | D:7      | Found a staircase to the Ecumenical Temple.
  5581 | Temple   | Entered the Ecumenical Temple
  5705 | Temple   | Became a worshipper of Warmaster Okawaru
  5887 | D:7      | Noticed Duvessa
  5887 | D:7      | Noticed Dowan
  5914 | D:7      | Killed Duvessa
  5934 | D:7      | Killed Dowan
  6270 | D:8      | Reached * piety under Okawaru
  6296 | D:8      | Reached XP level 10. HP: 75/88 MP: 9/9
  6348 | D:8      | You fall into a shaft and drop 1 floor!
  6358 | D:9      | Noticed a two-headed ogre
  6371 | D:9      | Killed a two-headed ogre
  6372 | D:9      | Reached skill level 1 in Stealth
  6773 | D:9      | Reached skill level 10 in Armour
  6850 | D:9      | Reached ** piety under Okawaru
  6904 | D:9      | Noticed Grum
  6913 | D:9      | Killed Grum
  6934 | D:9      | Noticed Joseph
  6941 | D:9      | Found a shimmering blue altar of Sif Muna.
  6944 | D:9      | Killed Joseph
  7414 | D:9      | Reached *** piety under Okawaru
  7477 | D:9      | Found a staircase to the Lair.
  7656 | D:10     | Entered Level 10 of the Dungeon
  7711 | D:10     | Identified the +4 battleaxe "Dyoqosit" {vorpal, *Rage rElec
                  | rPois rN+}
  7737 | D:10     | Found a staircase to the Orcish Mines.
  7751 | D:10     | Reached XP level 11. HP: 79/97 MP: 10/10
  7890 | D:10     | Noticed a two-headed ogre
  8270 | D:10     | Noticed a deep troll
  8274 | D:10     | Reached **** piety under Okawaru
  8274 | D:10     | Noticed a centaur warrior
  8275 | D:10     | Noticed a five-headed hydra
  8277 | D:10     | Noticed a centaur warrior
  8291 | D:10     | Killed a centaur warrior
  8292 | D:10     | Reached skill level 10 in Fighting
  8302 | D:10     | Killed a six-headed hydra
  8312 | D:10     | Killed a centaur warrior
  8312 | D:10     | Reached ***** piety under Okawaru
  8313 | D:10     | Reached skill level 1 in Short Blades
  8316 | D:10     | Killed a deep troll
  8322 | D:10     | Reached skill level 1 in Invocations
  8375 | D:10     | Noticed a two-headed ogre
  8379 | D:10     | Killed a two-headed ogre
  8420 | D:10     | Identified the ring "Keijeex" {rPois rN+ Will+ Int+5}
  8445 | D:10     | Killed a two-headed ogre
  8775 | D:11     | Noticed Erica
  8801 | D:10     | Killed Erica
  8893 | D:11     | Received a gift from Okawaru
  8894 | D:11     | Reached XP level 12. HP: 77/110 MP: 12/12
  8924 | D:11     | Received a gift from Okawaru
  8929 | D:11     | Reached skill level 15 in Long Blades
  9259 | D:11     | Noticed a two-headed ogre
  9344 | Lair:1   | Entered Level 1 of the Lair of Beasts
 10229 | Lair:2   | Noticed a six-headed hydra
 10236 | Lair:2   | Received a gift from Okawaru
 10244 | Lair:2   | Killed a one-headed hydra
 10245 | Lair:2   | Reached skill level 10 in Shields
 10289 | Lair:2   | Found a staircase to the Snake Pit.
 10298 | Lair:2   | Noticed a six-headed hydra
 10308 | Lair:2   | Killed a two-headed hydra
 10308 | Lair:2   | Identified the +1 scale mail "Faiheugi" {+Inv Dex+3 Stlth+}
                  | (Okawaru gifted it to you on level 2 of the Lair of Beasts)
 10308 | Lair:2   | Received a gift from Okawaru
 10553 | Lair:2   | Reached ****** piety under Okawaru
 11153 | Lair:3   | Reached XP level 13. HP: 122/122 MP: 13/13
 11949 | Lair:4   | Found a runed translucent gate.
 11949 | Lair:4   | Found a runed translucent gate.
 11949 | Lair:4   | Found a runed translucent gate.
 11949 | Lair:4   | Noticed Odimp's ghost (journeyman KoWn)
 12232 | Lair:4   | Found a staircase to the Swamp.
 12719 | Lair:5   | Found a gate leading to a gauntlet.
 12725 | Gauntlet | Entered a Gauntlet
 12725 | Gauntlet | Found a transporter.
 12725 | Gauntlet | Found a transporter.
 12725 | Gauntlet | Found a transporter.
 12732 | Gauntlet | Found a transporter.
 12742 | Gauntlet | Found a transporter.
 12750 | Gauntlet | Found a transporter.
 12756 | Gauntlet | Found a transporter.
 12757 | Gauntlet | Found a transporter.
 12765 | Gauntlet | Found a transporter.
 12804 | Gauntlet | Found a transporter.
 12877 | Gauntlet | Found a transporter.
 12889 | Gauntlet | Found a transporter.
 12964 | Gauntlet | Identified the ring "Kiust" {rF++ rC+ rCorr Int-5}
 12974 | Gauntlet | Identified the amulet of Qazlal's Reproof {Faith rPois
                  | Dex+4}
 13000 | Gauntlet | Identified the +1 robe of a sewer {rCorr} (Okawaru gifted
                  | it to you in a Gauntlet)
 13000 | Gauntlet | Received a gift from Okawaru
 13451 | Gauntlet | Noticed a minotaur
 13469 | Gauntlet | Killed a minotaur
 14506 | Orc:1    | Entered Level 1 of the Orcish Mines
 14569 | Orc:1    | Noticed an ettin
 14698 | Orc:1    | Killed an ettin
 15062 | Orc:2    | Entered Level 2 of the Orcish Mines
 16076 | Orc:2    | Noticed an orc warlord
 16107 | Orc:1    | Killed an orc warlord
 16464 | Orc:2    | Received a gift from Okawaru
 16658 | Orc:2    | Found Peki's Book Boutique.
 16941 | Orc:2    | Noticed Josephine
 16951 | Orc:2    | Killed Josephine
 16960 | Orc:2    | Noticed Maurice
 16972 | Orc:2    | Killed Maurice
 16981 | Orc:2    | Reached XP level 14. HP: 132/132 MP: 12/14
 17144 | Orc:2    | Noticed Saint Roka
 17185 | Orc:2    | Reached skill level 15 in Armour
 17770 | Orc:2    | Killed Saint Roka
 18008 | Orc:2    | Found a staircase to the Elven Halls.
 18073 | Orc:2    | Found Wynuos's Antique Weapon Boutique.
 18088 | Orc:2    | Found Joibb's Antique Armour Boutique.
 18104 | Orc:2    | Found Syim's General Store.
 18242 | Orc:2    | Bought a masterwork demon blade for 500 gold pieces
 18242 | Orc:2    | Identified the +7 demon blade of Ravage {drain, *Corrode
                  | Dex+6} (You bought it in a shop on level 2 of the Orcish
                  | Mines)
 19225 | D:11     | Identified the +10 dagger of the Equinox {freeze, Str+3}
 19225 | D:11     | Noticed Fannar
 19232 | D:11     | Killed Fannar
 19583 | D:11     | Received a gift from Okawaru
 19618 | D:11     | Found a runed translucent door.
 19619 | D:11     | Found a runed translucent door.
 20094 | D:11     | Reached skill level 15 in Fighting
 20196 | D:11     | Identified the +6 short sword of Ixueruic {vorpal, rElec
                  | rPois rN+ Str+4 Stlth+}
 20624 | D:12     | Noticed Gastronok
 20626 | D:12     | Identified the +2 falchion "Puircheo" {elec, Contam rElec
                  | rC+ SInv} (Okawaru gifted it to you on level 12 of the
                  | Dungeon)
 20626 | D:12     | Received a gift from Okawaru
 20637 | D:12     | Killed Gastronok
 20770 | D:12     | Noticed Jorgrun
 20783 | D:12     | Killed Jorgrun
 20784 | D:12     | Reached skill level 5 in Dodging
 20861 | D:12     | Noticed DildoBatman's ghost (journeyman FoCj)
 20935 | D:12     | Found a runed translucent gate.
 20935 | D:12     | Found a runed translucent gate.
 20935 | D:12     | Found a runed translucent gate.
 20988 | D:12     | Noticed Urug
 21001 | D:12     | Killed Urug
 21386 | D:12     | Got Pioziss's Compendium of Envenoming and Illusion
 21409 | D:12     | Found a shimmering blue altar of Sif Muna.
 21469 | D:12     | Identified the +0 robe of the Armoured One {Str+3} (Okawaru
                  | gifted it to you on level 12 of the Dungeon)
 21469 | D:12     | Received a gift from Okawaru
 21476 | D:12     | Reached XP level 15. HP: 128/141 MP: 16/16
 21628 | D:12     | Identified the +1 triple sword "Haiqur" {flame, rElec rF+}
 21664 | D:12     | Noticed Rupert
 21664 | D:12     | Noticed a tengu reaver
 21666 | D:12     | Noticed a tengu reaver
 21676 | D:12     | Killed Rupert
 21686 | D:12     | Killed a tengu reaver
 21691 | D:12     | Killed a tengu reaver
 21708 | D:12     | Got the Disquisition on Supportive Attacks
 21951 | D:12     | Got the Reference Book on Torrid Evil Magic
 22890 | D:13     | Found a gate to the Vaults.
 23478 | D:13     | Identified the +7 long sword "Dragonslayer" {vorpal, Dex+4}
 23617 | D:14     | Reached skill level 15 in Shields
 23902 | D:14     | Received a gift from Okawaru
 24110 | D:14     | Received a gift from Okawaru
 24673 | D:15     | Entered Level 15 of the Dungeon
 24928 | D:15     | Received a gift from Okawaru
 25479 | D:15     | Reached XP level 16. HP: 150/155 MP: 17/17
 25513 | D:15     | Found a staircase to the Depths.
 25517 | D:15     | Received a gift from Okawaru
 26494 | Lair:6   | Entered Level 6 of the Lair of Beasts
 27189 | Lair:6   | Found a staircase to the Slime Pits.
 27696 | Lair:6   | Cast into level 1 of the Abyss (spriggan)
 27961 | Abyss:1  | Noticed a bone dragon
 28001 | Abyss:1  | Killed a bone dragon
 28063 | Abyss:1  | Noticed a lich
 28074 | Abyss:1  | Killed a lich
 28082 | Abyss:1  | Found a corrupted altar of Lugonu.
 28282 | Abyss:2  | HP: 3/156 [starcursed mass/accursed screaming (7)]
 28412 | Lair:6   | Escaped the Abyss
 29123 | Lair:6   | Found a corrupted altar of Lugonu.
 29123 | Lair:6   | Found a one-way gate to the infinite horrors of the Abyss.
 29143 | Lair:6   | Identified a scroll of acquirement
 30151 | Snake:1  | Entered Level 1 of the Snake Pit
 31643 | Snake:1  | Found Qikoc's Magic Scroll Shoppe.
 31653 | Snake:1  | Bought a scroll of brand weapon for 280 gold pieces
 31931 | Swamp:1  | Entered Level 1 of the Swamp
 33116 | Swamp:1  | Found a runed translucent door.
 33130 | Swamp:1  | Noticed Peloso's ghost (adept MiFi)
 33674 | D:12     | Killed DildoBatman's ghost
 33679 | D:12     | Identified the +5 ring mail "Muurgh" {Harm Int+3} (Okawaru
                  | gifted it to you on level 12 of the Dungeon)
 33679 | D:12     | Received a gift from Okawaru
 33680 | D:12     | Reached XP level 17. HP: 142/166 MP: 18/18
 34506 | Lair:4   | Identified the +6 broad axe "Olua" {vamp, rN+ Will++}
 35034 | Elf:1    | Entered Level 1 of the Elven Halls
 35760 | Elf:1    | Found Uxzoucw's Armour Shoppe.
 36149 | Elf:1    | Cast into level 3 of the Abyss (a deep elf sorcerer)
 36159 | Elf:1    | Escaped the Abyss
 36521 | Elf:2    | Paralysed by an air elemental for 1 turns
 36524 | Elf:2    | Paralysed by an air elemental for 1 turns
 36620 | Elf:2    | Identified the +7 chain mail "Woisocy" {Int+3} (Okawaru
                  | gifted it to you on level 2 of the Elven Halls)
 36620 | Elf:2    | Received a gift from Okawaru
 37458 | Elf:2    | Found Sucy's Book Boutique.
 37708 | Elf:2    | Found a runed translucent gate.
 37710 | Elf:2    | Found a runed translucent gate.
 37715 | Elf:2    | Found a runed translucent gate.
 38066 | Elf:2    | Found Nagosisy's Distillery.
 38074 | Elf:2    | Bought a potion of heal wounds for 105 gold pieces
 38283 | Elf:2    | Found Ihymi's Jewellery Emporium.
 38305 | Elf:2    | Received a gift from Okawaru
 38464 | Elf:2    | Bought the ring of the Gloaming {rElec Str+6 SInv} for 416
                  | gold pieces
 38588 | Elf:3    | Entered Level 3 of the Elven Halls
 38615 | Elf:3    | Noticed Asterion
 38622 | Elf:3    | Killed Asterion
 38666 | Elf:3    | Noticed Nikola
 39042 | Elf:2    | Killed Nikola
 39125 | Elf:3    | Identified the +1 pair of gloves of Curiosity {rF+++
                  | Will+++ Dex-3 Slay-5} (Okawaru gifted it to you on level 3
                  | of the Elven Halls)
 39125 | Elf:3    | Received a gift from Okawaru
 39240 | Elf:3    | Reached XP level 18. HP: 114/177 MP: 17/20
 40668 | Elf:3    | Identified the +6 mace "Lugaal" {freeze, rF+ MP+9 SInv}
 41006 | Elf:3    | Identified the +2 robe of the Thistle {Dex+3 Archmagi}
 41946 | Elf:3    | Identified the +2 great mace "Budd" {vorpal, *Corrode rElec
                  | Str+5}
 41954 | Elf:3    | Identified the +6 scale mail of the Bagpipe {rPois Will+}
                  | (Okawaru gifted it to you on level 3 of the Elven Halls)
 41954 | Elf:3    | Received a gift from Okawaru
 42112 | Elf:3    | Identified the +9 war axe of Gihigomu {speed, rPois Str-3
                  | Int+3}
 42112 | Elf:3    | Identified the ring of Xom's Best Wishes {rPois rN+ MP+9
                  | Str+6 Stlth+}
 42192 | Elf:3    | Identified the +8 fustibalus "Womak" {freeze, Str+2}
 42212 | Elf:3    | Identified the +1 scale mail of Bevene {Fly rN+}
 45184 | Swamp:3  | Noticed Mara
 45197 | Swamp:3  | Noticed Peloso's illusion
 45218 | Swamp:3  | Killed Mara
 45811 | Swamp:4  | Entered Level 4 of the Swamp
 45818 | Swamp:4  | Identified the +5 scale mail of Hufoh {Fly rF- Dex+2}
                  | (Okawaru gifted it to you on level 4 of the Swamp)
 45818 | Swamp:4  | Received a gift from Okawaru
 47208 | Swamp:4  | Reached XP level 19. HP: 169/188 MP: 21/21
 47301 | Swamp:4  | Noticed the 27-headed Lernaean hydra
 47311 | Swamp:4  | Killed the 23-headed Lernaean hydra
 47323 | Swamp:4  | Identified the +1 long sword "Osuit" {freeze, rF++ Str+3
                  | Int-4 Dex+4}
 47617 | Swamp:4  | Got a decaying rune of Zot
 48126 | Snake:2  | Received a gift from Okawaru
 49299 | Snake:3  | Identified the +0 hat "Coginoch" {rF+ Str+3} (Okawaru
                  | gifted it to you on level 3 of the Snake Pit)
 49299 | Snake:3  | Received a gift from Okawaru
 49457 | Snake:3  | Found Fownatz's Magic Scroll Emporium.
 49490 | Snake:3  | Bought a scroll of teleportation for 54 gold pieces
 49490 | Snake:3  | Bought a scroll of blinking for 135 gold pieces
 49490 | Snake:3  | Bought a scroll of teleportation for 54 gold pieces
 50122 | Snake:3  | Found a runed translucent door.
 50753 | Snake:3  | Identified the +7 halberd "Beuleosu" {flame, Int+3}
 51422 | Snake:4  | Entered Level 4 of the Snake Pit
 51515 | Snake:4  | Got the Almanac of Enthralling Poison
 52512 | Snake:4  | Received a gift from Okawaru
 52712 | Snake:4  | Got a serpentine rune of Zot
 53173 | Vaults:1 | Entered Level 1 of the Vaults
 54561 | Vaults:1 | Found Sautigh's Weapon Shoppe.
 54571 | Vaults:1 | Received a gift from Okawaru
 54920 | Vaults:1 | Reached XP level 20. HP: 196/200 MP: 22/22
 54948 | Vaults:1 | Received a gift from Okawaru
 54948 | Vaults:1 | Found the +8 whip "Snakebite" {venom, curare, rPois}
 56322 | Vaults:1 | Identified the -4 pair of boots of the Bull {Rampage
                  | Slay+2} (Okawaru gifted it to you on level 1 of the Vaults)
 56322 | Vaults:1 | Received a gift from Okawaru
 56758 | Vaults:2 | Identified the ring "Xyetzoit" {rF- rN+ MP+9 Str+2}
 57653 | Vaults:2 | Found a staircase to the Crypt.
 58530 | Vaults:2 | Identified the +9 plate armour of Okawaru's Approval
                  | {*Corrode Will++ Dex+5} (Okawaru gifted it to you on level
                  | 2 of the Vaults)
 58530 | Vaults:2 | Received a gift from Okawaru
 59148 | Vaults:3 | Found Iliarinn's Armour Emporium.
 59148 | Vaults:3 | Found Xaen's General Store.
 59382 | Vaults:3 | Reached skill level 5 in Invocations
 59486 | Vaults:3 | Bought a scroll of teleportation for 54 gold pieces
 59573 | Vaults:3 | Reached XP level 21. HP: 210/210 MP: 23/23
 59642 | Vaults:3 | Found a transporter.
 59642 | Vaults:3 | Noticed Fatujek's ghost (veteran MiFi)
 59645 | Vaults:3 | Found a bloodstained altar of Trog.
 59652 | Vaults:3 | Found a transporter.
 60323 | Vaults:4 | Identified the +4 kite shield "Iboumput" {Rampage rPois
                  | Slay+5 Stlth+} (Okawaru gifted it to you on level 4 of the
                  | Vaults)
 60323 | Vaults:4 | Received a gift from Okawaru
 61829 | Vaults:5 | Entered Level 5 of the Vaults
 61860 | Vaults:4 | Identified the +1 plate armour of the Realm of Zot {rF+
                  | Slay+5} (Okawaru gifted it to you on level 4 of the Vaults)
 61860 | Vaults:4 | Received a gift from Okawaru
 62674 | Vaults:5 | Noticed a dread lich
 62675 | Vaults:5 | Noticed Bai Suzhen
 62679 | Vaults:5 | Noticed a dread lich
 62681 | Vaults:5 | Noticed an ancient lich
 62868 | Vaults:5 | Killed an ancient lich
 63143 | Vaults:5 | Received a gift from Okawaru
 63340 | Vaults:5 | Killed a dread lich
 63425 | Vaults:5 | Noticed a golden dragon
 63441 | Vaults:5 | Killed a golden dragon
 63965 | Vaults:4 | Received a gift from Okawaru
 64235 | Vaults:5 | Reached XP level 22. HP: 201/222 MP: 25/25
 65038 | Vaults:5 | Killed Bai Suzhen
 65048 | Vaults:5 | Identified the +6 mace of Heanedd {drain, rElec Int+2
                  | Dex+2}
 65048 | Vaults:5 | Identified the ring "Zeafusob" {rC+ Str+6}
 65050 | Vaults:5 | Received a gift from Okawaru
 65274 | Vaults:5 | Found Danin's Magic Scroll Shoppe.
 65861 | Vaults:5 | Got the Volume of Mutagenic Curses
 65939 | Vaults:5 | Got the Guide on Displaced Bewitchment
 66047 | Vaults:5 | Got a silver rune of Zot
 67143 | Crypt:1  | Entered Level 1 of the Crypt
 68967 | Crypt:2  | Received a gift from Okawaru
 69884 | Crypt:3  | Entered Level 3 of the Crypt
 69902 | Crypt:3  | Reached skill level 27 in Shields
 70545 | Crypt:3  | Found a staircase to the Tomb.
 70568 | Crypt:3  | Got the Guide on Black Magic
 71079 | Crypt:3  | Identified the ring "Qas Qae" {rN+ MP+9 Int+2}
 71079 | Crypt:3  | Identified the ring of Zirerur {rElec rN+}
 71079 | Crypt:3  | Identified the ring of the Swan {rC+ rN+ Will+}
 71127 | Crypt:3  | Reached XP level 23. HP: 234/234 MP: 26/26
 71273 | Crypt:3  | Found an ancient bone altar of Kikubaaqudgha.
 71314 | Crypt:3  | Identified the +3 ring mail of Nudd {rC++ rN+ Int-5 Slay+2}
 71354 | Crypt:3  | Noticed an ancient lich
 71363 | Crypt:3  | Killed an ancient lich
 72280 | Depths:1 | Entered Level 1 of the Depths
 72280 | Depths:1 | Found a glowing silver altar of Zin.
 72292 | Depths:1 | Found a one-way gateway to a ziggurat.
 72318 | Depths:1 | Identified the +3 kite shield "Loinapre" {rCorr} (Okawaru
                  | gifted it to you on level 1 of the Depths)
 72318 | Depths:1 | Received a gift from Okawaru
 72516 | Depths:1 | Identified the ring of Trepidation {Wiz MP+9}
 72829 | Depths:1 | Found a one-way gate leading to the halls of Pandemonium.
 73020 | Depths:1 | Found a gateway to Hell.
 73187 | Depths:1 | Found a sparkling altar of Nemelex Xobeh.
 73716 | Depths:2 | Identified the ring "Patuir Fifu" {rC+ Dex+4}
 73720 | Depths:2 | Identified the amulet of Zutan {+Inv rN+++ Regen+ Str-5
                  | SInv}
 73771 | Depths:2 | Noticed a juggernaut
 73783 | Depths:2 | Killed a juggernaut
 73892 | Depths:2 | Got Zovew Mia's Incunabulum of Fetching Confrontation
 74102 | Depths:2 | Reached skill level 27 in Long Blades
 74618 | Depths:2 | Found a viscous altar of Jiyva.
 74793 | Depths:2 | Received a gift from Okawaru
 75258 | Depths:3 | Noticed Boris
 75275 | Depths:3 | Killed Boris
 75335 | Depths:3 | Killed from afar by a lich

Illustrated notes

Levels and vault maps discovered:
D:1:      nicolae_arrival_memento_mori, layout_rooms,
          ebering_ecumenical_altar_box
D:2:      layout_basic, kennysheep_path_1
D:3:      layout_loops_ring, minmay_cut_off
D:4:      layout_gridville, lemuel_coloured_pillars_altar, portal_sewer_entry_f,
          nicolae_shop_gadgets
D:5:      layout_loops_corners, chequers_arboretum, hangedman_decor_lopped,
          minmay_holes
D:6:      layout_rooms, gammafunk_temple_overflow_wave, uniq_blork_the_orc
D:7:      layout_rooms, minmay_temple_entry_wispy, uniq_harold, uniq_duvessa
D:8:      layout_gridville
D:9:      layout_loops_ring, nicolae_sif_muna_condensation, erik_lair_dragon,
          uniq_grum, uniq_joseph
D:10:     layout_grid_maze, zombieorc1_lemuel, minmay_misc_feat_chi,
          minmay_pinched_square
D:11:     minmay_the_grid_triangle_9x9_recursive_3
          [minmay_the_grid_triangle_9x9_tough_junction,
          minmay_the_grid_triangle_9x9_wacky_v,
          minmay_the_grid_triangle_9x9_flanged_cone,
          minmay_the_grid_triangle_9x9_prize_center,
          minmay_the_grid_triangle_9x9_cache,
          minmay_the_grid_triangle_9x9_skeleton,
          minmay_the_grid_triangle_9x9_negative_grid,
          minmay_the_grid_triangle_9x9_checkered,
          minmay_the_grid_triangle_9x9_semitri], layout_loops_ring, uniq_fannar,
          uniq_erica
D:12:     evilmike_library_of_no_secrets, layout_small_grid,
          maelrawn_ghost_gauntlet_escape, uniq_urug, uniq_gastronok,
          uniq_jorgrun, uniq_rupert
D:13:     layout_irregular_city, david_vaults_4
D:14:     layout_basic, palyth_stone_intersect
D:15:     grunt_enter_depths_magical_seal, layout_stronghold,
          grunt_decor_mini_mirrors, minmay_misc_feat_hallway
Temple:   hc_temple_tempest_star
Lair:1:   layout_long_grid, beast_lair_carwin_2, lemuel_fruit_fields
Lair:2:   layout_cave_shapes, dummy_snake_entry
Lair:3:   layout_cave_pods, beast_lair_carwin_8
Lair:4:   layout_regular_city, swamp_mist, gammafunk_ghost_hydra_chop,
          infiniplex_staircase_pool_2, grunt_megastairs_4
Lair:5:   layout_misc_corridors, gauntlet_entry_generic
Lair:6:   hellmonk_lair_end_abyssal_woods, layout_loops_ring,
          dpeg_slime_entry_corner, serial_bayou_lagoon_a, lemuel_fruit_fields
Swamp:1:  layout_basic_swamp, ebering_ghost_reflecting_pool,
          evilmike_swamp_ruin_house_5
Swamp:2:  layout_basic_swamp, nicolae_swamp_decorative_isthmus, swamp_pool5,
          nicolae_swamp_oklob_treasure_island
Swamp:3:  layout_basic_swamp, nicolae_swamp_big_swirl, uniq_mara
Swamp:4:  swamp_old_school, layout_basic_swamp, nzn_swamp_dancing_lights,
          infiniplex_staircase_pool
Snake:1:  layout_gridlike, serial_shops, nicolae_shop_waterfront
Snake:2:  layout_basic, serial_bayou_shore_a
Snake:3:  layout_chambers, serial_shops, shop, lightli_airlock
Snake:4:  johnstein_snake_rune_scales, layout_basic, serial_bayou_shore_b
Orc:1:    layout_caves, basic_altar
Orc:2:    grunt_orc_cross, layout_caves, basic_altar, uniq_josephine,
          uniq_maurice, uniq_saint_roka
Elf:1:    layout_geoelf_grid, serial_shops, shop, minivault_28,
          nicolae_elf_big_sculpture_1, grunt_megastairs_3
Elf:2:    nicolae_elf_blades_splatter_lattice
          [nicolae_vaults_blade_armed_guards], layout_geoelf_grid, serial_shops,
          shop, shop, nicolae_shop_crystal, nicolae_elf_shapeshifter_party
Elf:3:    minmay_elf_hall_statues, layout_geoelf_diagonals,
          lemuel_flamethrower_2, uniq_nikola, uniq_asterion
Vaults:1: grunt_vaults_trifunnel, v_pattern_2, grunt_vaults_diagonal,
          nicolae_vaults_little_squares_2, v_rooms_6, vaults_dpeg_cross,
          vaults_room_hallway, dpeg_vaults_monster_box, vaults_dpeg_hooks,
          layout_vaults_omnigrid, serial_shops,
          nicolae_shop_bloodbath_and_beyond
Vaults:2: minmay_crypt_entry_skeletal_spiral, grunt_vaults_funnel,
          nicolae_vaults_branching_niches, nicolae_vaults_sealed_display,
          nicolae_vaults_little_squares_5, ontoclasm_vaults_decontamination,
          vaults_mumra_minichess, v_misc_17, v_misc_5, v_pattern_5,
          vaults_mumra_hexcomb, ontoclasm_vaults_ligature,
          ontoclasm_vaults_fault, layout_vaults_omnibox
Vaults:3: gammafunk_ghost_wrathful_warriors, v_rooms_3,
          layout_vaults_maze_snakey, serial_shops, shop, shop
Vaults:4: ontoclasm_vaults_idyll, nicolae_vaults_little_squares_6,
          vaults_dpeg_spiral, vaults_room_hallway, nicolae_vaults_meeting,
          nicolae_vaults_network_s, v_misc_12, nicolae_vaults_theta,
          nicolae_vaults_little_squares_1, layout_vaults_big_room
Vaults:5: uniq_bai_suzhen
Crypt:1:  layout_gridlike, grunt_crypt_arrival_webbed
Crypt:2:  layout_gridlike, hellmonk_scarab_ruin
Crypt:3:  quadcrypt_mu
Depths:1: layout_gridlike, enter_ziggurat_f, rand_demon_pan_entry_1, hell_entry,
          nemelex_altar_shiori, zin_academy, grunt_megastairs_5
Depths:2: minmay_fractal_lines_corner, layout_cave_pools,
          rand_demon_pan_entry_4, hell_entry, special_room [special_room_jelly],
          minivault_16, kennysheep_decorative_pillar,
          infiniplex_staircase_zigzag_1
Depths:3: hangedman_screamer, layout_gridlike, fiery_altar_vehumet, hell_entry,
          abyss_entry, minmay_misc_feat_cross, minmay_gold_behind_fungi,
          infiniplex_staircase_9_rooms, serial_bayou_shore_b, uniq_boris,
          uniq_frederick, uniq_margery

Skill      XL: |  1  2  3  4  5  6  7  8  9 10 11 12 13 14 15 16 17 18 19 20 21 22 23 |
---------------+----------------------------------------------------------------------+-----
Fighting       | 4 5 6 7 9 11 13 14 15 17 18 19 20 21 22 23 25 26 | 26.7
Shields        | 4 5 6 7 8 9 10 12 14 16 18 19 21 22 24 25 27 | 27.0
Long Blades    | 3 4 6 7 9 11 12 14 16 18 19 20 21 22 23 24 25 26 27 | 27.0
Armour         | 4 5 6 7 8 9 10 11 13 14 15 16 17 18 19 20 21 | 21.7
Dodging        | 1 2 3 4 5 6 7 |  7.6
Stealth        | 1 2 3 4 |  4.6
Short Blades   | 2 |  2.9
Invocations    | 1 2 3 4 5 |  5.5
Evocations     | |  0.4

Action                   |  1- 3 |  4- 6 |  7- 9 | 10-12 | 13-15 | 16-18 | 19-21 | 22-24 || total
-------------------------+-------+-------+-------+-------+-------+-------+-------+-------++-------
Melee: Long sword        |    63 |   166 |   248 |    30 |       |       |       |       ||   507
       Headbutt          |     7 |    31 |    44 |    97 |   283 |   401 |   617 |   413 ||  1893
       Scimitar          |       |       |       |   449 |   444 |   343 |    31 |       ||  1267
       Short sword       |       |       |       |    10 |       |       |       |       ||    10
       Demon blade       |       |       |       |       |   661 |  1330 |  1782 |  1138 ||  4911
Invok: Heroism           |       |       |       |     9 |    17 |    19 |    25 |     4 ||    74
       Finesse           |       |       |       |       |     2 |     1 |     1 |       ||     4
Evoke: Wand              |       |       |     1 |     2 |     1 |     7 |       |       ||    11
  Use: Scroll            |       |     7 |     3 |     4 |    11 |    14 |    12 |     2 ||    53
       Potion            |       |     2 |       |       |     1 |    13 |     9 |       ||    25
 Stab: Invisible         |       |       |       |       |       |     1 |       |       ||     1
       Distracted        |       |       |       |       |       |     1 |     1 |     2 ||     4
       Sleeping          |       |       |       |       |       |       |       |     4 ||     4
Armor: Scale mail        |    32 |   101 |     6 |       |       |       |       |       ||   139
       Chain mail        |       |       |   137 |     6 |       |       |       |       ||   143
       Skin              |       |       |     3 |       |       |       |       |       ||     3
       Plate armour      |       |       |       |   303 |   456 |   821 |   731 |   310 ||  2621
Dodge: Dodged            |    29 |   105 |   100 |   180 |   254 |   573 |   663 |   254 ||  2158
Block: Buckler           |    23 |    43 |    68 |   127 |       |       |       |       ||   261
       Kite shield       |       |       |       |    29 |   620 |  1254 |  1257 |   930 ||  4090
       Tower shield      |       |       |       |       |       |       |   671 |       ||   671
